 Dungeon Crawl Stone Soup version 0.21.0-34-g9234887 (webtiles) character file.

46 TBG123 the Shield-Bearer (level 3, -1/33 HPs)
             Began as a Minotaur Fighter on Jan 29, 2018.
             Was a Believer of Lugonu.
             Slain by Terandir's ghost (8 damage)
             ... on level 3 of the Dungeon.
             The game lasted 00:12:17 (1691 turns).

TBG123 the Shield-Bearer (Minotaur Fighter)         Turns: 1691, Time: 00:12:18

Health: -1/33      AC:  8    Str: 21    XL:     3   Next: 46%
Magic:  2/2        EV:  7    Int:  5    God:    Lugonu [**....]
Gold:   48         SH:  9    Dex:  9    Spells: 2/2 levels left

rFire    . . .     SeeInvis .   a - +0 war axe
rCold    . . .     Gourm    .   c - +0 shield
rNeg     . . .     Faith    .   b - +1 scale mail
rPois    .         Spirit   .   (helmet restricted)
rElec    .         Reflect  .   (no cloak)
rCorr    .         Harm     .   (no gloves)
MR       .....                  (no boots)
Stlth    ..........             (no amulet)
HPRegen  0.11/turn              (no ring)
MPRegen  0.08/turn              (no ring)

@: no status effects
A: retaliatory headbutt, horns 2
a: Depart the Abyss, Bend Space, Renounce Religion


You were on level 3 of the Dungeon.
You worshipped Lugonu.
Lugonu was pleased with you.
You were hungry.

You visited 1 branch of the dungeon, and saw 3 of its levels.

You collected 48 gold pieces.

Inventory:

Hand Weapons
 a - a +0 war axe (weapon)
 i - a +0 dagger
 j - a +0 club
 l - a +0 club
 m - a cursed -1 whip
 n - a +0 short sword
Missiles
 e - 11 arrows
 h - 8 tomahawks (quivered)
Armour
 b - a +1 scale mail (worn)
 c - a +0 shield (worn)
 g - a +0 leather armour
 y - a +0 plate armour
 z - a +0 helmet
Jewellery
 o - a +3 ring of intelligence {unknown}
Scrolls
 p - a scroll of amnesia {unknown}
 r - a scroll of identify
 u - a scroll of fear
 w - a scroll of random uselessness {unknown}
 x - a scroll of remove curse {unknown}
Potions
 d - a potion of might
 k - 2 potions of mutation
 q - a potion of lignification {unknown}
 s - a potion of berserk rage {unknown}
 t - a potion of agility {unknown}
 v - 2 potions of degeneration {unknown}
Comestibles
 f - 5 rations


   Skills:
 + Level 4.1 Fighting
 + Level 3.0 Axes
 + Level 4.0 Armour
 + Level 4.4 Shields


You had 2 spell levels left.
You didn't know any spells.

Dungeon Overview and Level Annotations

Branches:
Dungeon (3/15)

Altars:
Fedhas
Lugonu

Annotations:
D:3 Terandir's ghost, amateur MiFi


Innate Abilities, Weirdness & Mutations

You reflexively headbutt those who attack you in melee.
You have a pair of horns on your head.


Message History

Terandir's ghost is heavily damaged.
Terandir's ghost hits you but does no damage.
You block Terandir's ghost's attack.
You hit Terandir's ghost but do no damage.
Terandir's ghost is heavily damaged.
You block Terandir's ghost's attack.
You barely miss Terandir's ghost. You headbutt Terandir's ghost.
Terandir's ghost is severely damaged.
Terandir's ghost hits you! Terandir's ghost hits you.
You hit Terandir's ghost.
Terandir's ghost is severely damaged.
Terandir's ghost hits you!
* * * LOW HITPOINT WARNING * * *
You closely miss Terandir's ghost. You headbutt Terandir's ghost.
Terandir's ghost is severely damaged.
You block Terandir's ghost's attack.
You slash Terandir's ghost!
Terandir's ghost is almost destroyed.
Terandir's ghost hits you!
You die...

#.#.# . # #.#.#
# ##.#.#.#.# ..
..#.#...# ##.#
........<#....#
#.#.....#....#
#....#.......#
#.#...W.$#.#.#
#....#@......#
#............#
#..#.##.###.##
##... ... ?#
... ...# #
#.#.. .... . #.
#.#### #.


You could see Terandir's ghost.

Vanquished Creatures
  5 dart slugs
  3 giant cockroaches
  5 goblins
  5 hobgoblins
  A quokka (D:2)
  A ball python (D:2)
  6 bats
  2 frilled lizards
  4 kobolds (D:1)
  3 rats (D:1)
35 creatures vanquished.

Vanquished Creatures (others)
  A giant cockroach (D:1)
1 creature vanquished.

Grand Total: 36 creatures vanquished

Notes
Turn   | Place    | Note
-------+----------+-------------------------------------------
     0 | D:1      | TBG123 the Minotaur Fighter began the quest for the Orb.
     0 | D:1      | Reached XP level 1. HP: 19/19 MP: 0/0
    89 | D:1      | Reached XP level 2. HP: 25/27 MP: 1/1
   496 | D:1      | You fall through a shaft!
   606 | D:2      | Reached XP level 3. HP: 33/33 MP: 2/2
   689 | D:2      | Found a blossoming altar of Fedhas.
  1506 | D:2      | Found a faded altar of an unknown god.
  1508 | D:2      | Became a worshipper of Lugonu the Unformed
  1508 | D:2      | Reached * piety under Lugonu
  1508 | D:2      | Reached ** piety under Lugonu
  1678 | D:3      | Noticed Terandir's ghost (amateur MiFi)
  1691 | D:3      | Slain by Terandir's ghost

Skill      XL: |  1  2  3 |
---------------+----------+-----
Fighting       | 4 |  4.1
Shields        | 4 |  4.4
Armour         | 4 |  4.0
Axes           | 3 |  3.0

Action                   || total
-------------------------++-------
Melee: War axe           ||    90
       Headbutt          ||    13
Invok: Bend Space        ||     1
  Use: Scroll            ||     4
  Eat: Chunk             ||     2
Armor: Scale mail        ||    55
Dodge: Dodged            ||    39
Block: Shield            ||    72
